 Dungeon Crawl Stone Soup version 0.30.1 (webtiles) character file.

Game seed: 12272021776352783527

586 Pepete the Magician (level 7, -3/45 HPs)
             Began as a Djinni Fire Elementalist on July 5, 2023.
             Killed themself with a badly aimed concussive blast (8 damage)
             ... on level 5 of the Dungeon.
             The game lasted 00:07:06 (6621 turns).

Pepete the Magician (Djinni Fire Elementalist)      Turns: 6621, Time: 00:07:07

Health: -3/45      AC:  3    Str:  7    XL:     7   Next: 65%
Gold:   241        EV: 12    Int: 18    God:
                   SH:  0    Dex: 14

rFire   + + .        (no weapon)
rCold   x . .        (no shield)
rNeg    . . .        a - +0 robe
rPois   ∞            (no helmet)
rElec   .            (no cloak)
rCorr   .            c - +0 pair of gloves
SInv    .            (boots unavailable)
Will    .....        (no amulet)
Stlth   ++           (no ring)
HPRegen 0.27/turn    (no ring)
MPRegen 0.00/turn

%: infuse magic (-4 HP)
@: flying
A: sickness immunity, fire resistance 2, cold vulnerability 1, float, innate
caster, HP casting, extra vitality 1
a: no special abilities


You were on level 5 of the Dungeon.
You visited 1 branch of the dungeon, and saw 5 of its levels.

You collected 241 gold pieces.

Inventory:

Armour
 a - a +0 robe (worn)
 c - a +0 pair of gloves (worn)
Jewellery
 e - a +5 ring of evasion
 r - a ring of willpower
Wands
 b - a wand of paralysis (9)
 l - a wand of mindburst (10)
 v - a wand of flame (20)
Scrolls
 d - 8 scrolls of identify {unknown}
 k - 2 scrolls of teleportation {unknown}
 n - a scroll of acquirement {unknown}
 p - 2 scrolls of magic mapping {unknown}
 s - a scroll of enchant armour {unknown}
 t - 2 scrolls of fog {unknown}
 w - a scroll of amnesia {unknown}
Potions
 i - 2 potions of curing
 o - a potion of might {unknown}
 q - a potion of invisibility {unknown}
 u - a potion of haste {unknown}


   Skills:
 + Level 3.5 Armour
 - Level 2.1 Dodging
 - Level 1.5 Stealth
 * Level 4.8 Spellcasting
 + Level 3.5 Invocations


You knew the following spells:

 Your Spells              Type           Power      Damage    Failure   Level
a - Foxfire               Conj/Fire      84%        2x1d8     1%          1
b - Scorch                Fire           42%        2d7       2%          2
c - Volatile Blastmotes   Fire/Tloc      42%        2d13      5%          3
d - Inner Flame           Hex/Fire       21%        N/A       5%          3
e - Flame Wave            Conj/Fire      21%        2d8       19%         4
f - Slow                  Hex            84%        N/A       1%          1
g - Passwall              Tmut/Erth      17%        N/A       2%          2
h - Summon Guardian Gole  Hex/Summ       21%        N/A       5%          3
Your spell library was empty.

Dungeon Overview and Level Annotations

Branches:
Dungeon (5/15)
 Temple: D:4-7

Altars:
Ashenzari
Makhleb
Qazlal
Zin


Innate Abilities, Weirdness & Mutations

You are immune to sickness and miasma.
You are immune to poison.
Your flesh is very heat resistant. (rF++)
You are vulnerable to cold. (rC-)
You float through the air rather than walking.
You learn spells naturally, not from books.
Your magical power is your life essence.
You have superior vitality. (+4 MHP)


Message History

You feel attractive to monsters. The gnoll barely misses you.
The gnoll is attracted toward you. x3
It was a potion of curing.
You feel better. The gnoll hits you with a +0 spear.
The gnoll closely misses you.
It was a potion of flight.
You feel more buoyant. The gnoll hits you with a +0 spear.
The gnoll misses you.
It was a potion of cancellation.
Your magical effects are unravelling.
You feel magically purged. The gnoll hits you with a +0 spear.
The gnoll hits you from afar with a +0 spear.
You feel less attractive to monsters.
Okay, then.
Blink to where?
Press: ? - help, Dir - move target A water moccasin comes into view.
Found a hand axe.
As you read the scroll labelled VIGAAG KIFO, it crumbles to dust.
It was a scroll of blinking.
As you read the scroll labelled UMEPERPH FACUT, it crumbles to dust.
The creatures around you are filled with an inner flame!
It was a scroll of immolation.
The water moccasin hisses angrily.
The gnoll closely misses you. The gnoll barely misses you.
The gnoll hits you from afar with a +0 spear.
Sorry, you're not good enough to have a special ability.
Okay, then.
Casting: Foxfire (safe; 1% risk of failure)
Confirm with . or Enter, or press ? or * to list all spells.
A cloud of volatile blastmotes flares up around you!
* * * LOW HITPOINT WARNING * * *
The gnoll hits you from afar with a +0 spear!
* * * LOW HITPOINT WARNING * * *
The cloud of blastmotes explodes!
The concussive blast engulfs the water moccasin.
Flame seeps out of the water moccasin.
The water moccasin is lightly wounded.
The concussive blast engulfs you! You resist.
You die...

#############
#.S...)......
#@##g####.### ##
#.##.# #.# ##.
#.##g####)######..
#.##g#............
#.##.#.##.#####...
#.##.#.....# ###.
#.##.#.##..# #.
#.....#....# #.
#####.###.#.# #.


You could see a water moccasin (inner flame).

Vanquished Creatures
  A phantom (D:4)
  2 scorpions (D:4)
  A howler monkey (D:5)
  A jelly (D:5)
  An orc priest (D:3)
  2 iguanas (D:4)
  Terence (D:3)
  2 orc wizards
  3 gnolls (D:3)
  4 adders
  3 worms
  3 dart slugs
  12 orcs
  5 endoplasms
  2 giant cockroaches (D:3)
  6 goblins
  2 hobgoblins (D:3)
  12 jackals
  2 quokkas
  8 ball pythons
  3 bats (D:1)
  4 frilled lizards (D:1)
  4 kobolds
  7 rats
91 creatures vanquished.

Vanquished Creatures (collateral kills)
  2 foxfires (D:1)
2 creatures vanquished.

Vanquished Creatures (others)
  610 foxfires
610 creatures vanquished.

Grand Total: 703 creatures vanquished

Notes
Turn   | Place    | Note
-------+----------+-------------------------------------------
     0 | D:1      | Pepete the Djinni Fire Elementalist began the quest for the
                  | Orb.
     0 | D:1      | Pepete set off with the following spells memorised:
                  | Foxfire, Scorch, Volatile Blastmotes, Inner Flame, Flame
                  | Wave.
     0 | D:1      | Reached XP level 1. HP: 15/15 MP: 0/0
    93 | D:1      | Found a faded altar of an unknown god.
   193 | D:1      | Reached XP level 2. HP: 13/21 MP: 0/0
   642 | D:1      | Reached skill level 1 in Invocations
   689 | D:1      | Reached XP level 3. HP: 24/25 MP: 0/0
   689 | D:1      | Learned a level 1 spell: Slow
   798 | D:1      | Reached skill level 1 in Armour
  1462 | D:1      | Reached skill level 3 in Spellcasting
  1966 | D:2      | Reached XP level 4. HP: 23/31 MP: 0/0
  2860 | D:3      | Noticed Terence
  2866 | D:3      | Reached XP level 5. HP: 28/35 MP: 0/0
  2866 | D:3      | Learned a level 2 spell: Passwall
  2888 | D:3      | Killed Terence
  3555 | D:3      | Reached XP level 6. HP: 28/40 MP: 0/0
  3764 | D:3      | Found a burning altar of Makhleb.
  4069 | D:4      | Reached skill level 4 in Spellcasting
  4381 | D:4      | Reached XP level 7. HP: 40/45 MP: 0/0
  4381 | D:4      | Learned a level 3 spell: Summon Guardian Golem
  5473 | D:4      | Found a broken altar of Ashenzari.
  5613 | D:4      | Found a stormy altar of Qazlal.
  5852 | D:5      | Entered Level 5 of the Dungeon
  6373 | D:5      | Found a glowing silver altar of Zin.
  6615 | D:5      | Noticed a water moccasin
  6621 | D:5      | Killed themself with a badly aimed concussive blast

Illustrated notes

Levels and vault maps discovered:
D:1:      tarquinn_simple_flora_water_c, layout_loops_ring,
          hellmonk_ecumenical_altar_lost_god, minmay_strange_pillars,
          hex_medium, st_stairs_3
D:2:      layout_rooms
D:3:      layout_rooms, mainiacjoe_overflow_alcove_4, uniq_terence
D:4:      layout_layer_cave, mainiacjoe_overflow_catwalk,
          nicolae_qazlal_scattered_showers, small_statue_intersection
D:5:      layout_loops_ring, zin_academy

Skill      XL: |  1  2  3  4  5  6 |
---------------+-------------------+-----
Invocations    | 1 2 3 |  3.5
Armour         | 1 2 3 |  3.5
Spellcasting   | 3 4 |  4.8
Dodging        | |  2.1
Stealth        | |  1.5

Action                     |  1- 3 |  4- 6 |  7- 9 || total
---------------------------+-------+-------+-------++-------
  Melee: Unarmed           |     2 |       |       ||     2
   Cast: Foxfire           |   123 |   151 |   134 ||   408
         Scorch            |       |    12 |     3 ||    15
         Volatile Blastmot |       |       |     4 ||     4
    Use: Potion            |       |     2 |     4 ||     6
         Scroll            |       |       |     2 ||     2
 Armour: Robe              |     2 |     1 |     2 ||     5
         Skin              |       |    26 |       ||    26
  Dodge: Dodged            |    12 |     8 |    14 ||    34
